 Dungeon Crawl Stone Soup version 0.24.1-8-ga250c9d538 (webtiles) character file.

Game seed: 14141297080105475616, levelgen mode: deterministic

2170 Curus the Carver (level 9, -1/70 HPs)
             Began as a Minotaur Fighter on May 8, 2020.
             Was a Priest of Okawaru.
             Slain by a fire elemental (6 damage)
             ... summoned by a deep elf mage
             ... on level 6 of the Dungeon.
             The game lasted 00:19:26 (5388 turns).

Curus the Carver (Minotaur Fighter)                 Turns: 5388, Time: 00:19:26

Health: -1/70      AC: 11    Str: 21    XL:     9   Next: 11%
Magic:  6/8        EV:  9    Int:  7    God:    Okawaru [***...]
Gold:   282        SH: 14    Dex: 11    Spells: 8/8 levels left

rFire    . . .     SeeInvis .   a - +2 long sword
rCold    . . .     Gourm    .   c - +1 shield
rNeg     . . .     Faith    .   h - +0 chain mail
rPois    .         Spirit   .   (helmet restricted)
rElec    .         Reflect  +   (no cloak)
rCorr    .         Harm     .   (no gloves)
MR       .....                  (no boots)
Stlth    ..........             e - +2 amulet of reflection
HPRegen  0.21/turn              (no ring)
MPRegen  0.11/turn              (no ring)

@: heroism
A: retaliatory headbutt, horns 2
a: Heroism, Renounce Religion


You were on level 6 of the Dungeon.
You worshipped Okawaru.
Okawaru was most pleased with you.
You were very hungry.

You visited 1 branch of the dungeon, and saw 6 of its levels.

You collected 282 gold pieces.

Inventory:

Hand Weapons
 a - a +2 long sword (weapon)
Armour
 b - a +0 scale mail
 c - a +1 shield (worn)
 h - a +0 chain mail (worn)
Jewellery
 e - a +2 amulet of reflection (around neck)
Wands
 d - a wand of polymorph (12)
 o - a wand of disintegration (11)
Scrolls
 k - 5 scrolls of identify
 l - 3 scrolls of remove curse
 m - a scroll of teleportation
Potions
 g - 2 potions of flight
 i - a potion of ambrosia
 j - a potion of curing
 n - a potion of resistance
Comestibles
 f - 8 rations


   Skills:
 - Level 3.6(8.6) Fighting
 + Level 13.9(18.9) Long Blades
 - Level 3.6(8.6) Armour
 - Level 3.6(8.6) Shields


You had 8 spell levels left.
You didn't know any spells.
Your spell library was empty.

Dungeon Overview and Level Annotations

Branches:
Dungeon (6/15)             Temple (0/1) D:5

Altars:
Nemelex Xobeh
Okawaru
Qazlal
Ru
Zin

Shops:
D:6 %


Innate Abilities, Weirdness & Mutations

You reflexively headbutt those who attack you in melee.
You have a pair of horns on your head.


Message History

* * * LOW HITPOINT WARNING * * *
You hit the deep elf mage but do no damage.
The deep elf mage is almost dead.
The deep elf mage hits you but does no damage.
The fire elemental hits you. The fire elemental burns you!
* * * LOW HITPOINT WARNING * * *
Okay, then.
Unknown command.
You hit the deep elf mage but do no damage.
The deep elf mage is almost dead.
The fire elemental closely misses you. You furiously retaliate!
You headbutt the fire elemental. You block the deep elf mage's attack.
You closely miss the deep elf mage.
The deep elf mage is almost dead.
You block the fire elemental's attack.
You closely miss the deep elf mage.
The deep elf mage is almost dead.
You block the deep elf mage's attack. The fire elemental hits you.
The fire elemental burns you!
You die...

.....#......'.....#..........####
.....#......#'##..##'####(####...
.....##'##.....##'#..............
.........#.....#..#......(.......
.........+.....#..#..............
.......[.#.....#'##..............
.......................####'#####
.....###########...#####.........
.....#..........@..#.............
.....#.........e.E.#.............
.....#'''######8...#..##.....##..
.....#[.8+.......###..##...<.##..
.....#...+............#......####
.....#...+........######.........
.....#+++######8..##..##.....##..
.....# ..........##..##+######..
.....# ........................†


You could see a deep elf mage and a fire elemental.

Vanquished Creatures
  A wyvern (D:6)
  Duvessa (D:4)
  A phantom (D:5)
  4 centaurs
  3 ogres
  2 bullfrogs (D:6)
  Dowan (D:4)
  4 crimson imps
  A quasit (D:6)
  4 jellies
  4 hounds
  An orc priest (D:6)
  2 bullfrog skeletons
  A centaur skeleton (D:5)
  Natasha (thrice) (D:2)
  An iguana (D:6)
  4 worker ants
  2 orc wizards
  Terence (D:2)
  A killer bee zombie (D:5)
  A worker ant zombie (D:5)
  3 gnolls (D:5)
  4 adders
  2 shadow imps (D:5)
  7 oozes (D:2)
  3 adder zombies
  2 worms
  A dart slug (D:4)
  5 leopard geckos
  18 orcs
  3 ball pythons (D:3)
  6 giant cockroaches
  10 goblins
  5 hobgoblins
  2 quokkas
  5 bats
  2 frilled lizards
  13 kobolds
  A quokka skeleton (D:5)
  8 rats
143 creatures vanquished.

Vanquished Creatures (others)
  4 fungi (D:2)
  4 toadstools (D:2)
8 creatures vanquished.

Grand Total: 151 creatures vanquished

Notes
Turn   | Place    | Note
-------+----------+-------------------------------------------
     0 | D:1      | Curus the Minotaur Fighter began the quest for the Orb.
     0 | D:1      | Reached XP level 1. HP: 19/19 MP: 0/0
   198 | D:1      | Reached skill level 3 in Long Blades
   217 | D:1      | Reached XP level 2. HP: 26/26 MP: 1/1
   350 | D:1      | Reached skill level 4 in Long Blades
   541 | D:2      | Reached XP level 3. HP: 28/31 MP: 2/2
   609 | D:2      | Noticed Terence
   618 | D:2      | Killed Terence
   650 | D:2      | Noticed Natasha
   666 | D:2      | Killed Natasha
   666 | D:2      | Reached skill level 5 in Long Blades
   666 | D:2      | Reached XP level 4. HP: 11/39 MP: 3/3
   979 | D:2      | Noticed Natasha
   988 | D:2      | Killed Natasha
   990 | D:2      | Reached skill level 6 in Long Blades
  1030 | D:2      | Noticed Natasha
  1035 | D:2      | Killed Natasha
  1035 | D:2      | Reached XP level 5. HP: 34/45 MP: 4/4
  1106 | D:2      | Reached skill level 7 in Long Blades
  1150 | D:2      | Reached XP level 6. HP: 27/51 MP: 5/5
  1766 | D:3      | Reached skill level 8 in Long Blades
  2093 | D:4      | Found an iron altar of Okawaru.
  2101 | D:4      | Became a worshipper of Warmaster Okawaru
  2426 | D:4      | Noticed Duvessa
  2427 | D:4      | Noticed Dowan
  2442 | D:4      | Killed Duvessa
  2442 | D:4      | Reached skill level 9 in Long Blades
  2442 | D:4      | Reached XP level 7. HP: 28/57 MP: 6/6
  2444 | D:4      | Killed Dowan
  2978 | D:4      | Found a sacrificial altar of Ru.
  3124 | D:5      | Entered Level 5 of the Dungeon
  3202 | D:5      | Found a stormy altar of Qazlal.
  3222 | D:5      | Reached * piety under Okawaru
  3253 | D:5      | Found a staircase to the Ecumenical Temple.
  3335 | D:5      | Reached skill level 10 in Long Blades
  3585 | D:5      | Reached skill level 11 in Long Blades
  3585 | D:5      | Reached XP level 8. HP: 32/64 MP: 7/7
  3827 | D:5      | Found a glowing silver altar of Zin.
  3832 | D:5      | Found a sparkling altar of Nemelex Xobeh.
  3864 | D:5      | Reached ** piety under Okawaru
  4062 | D:5      | Reached skill level 12 in Long Blades
  4690 | D:6      | Reached skill level 13 in Long Blades
  4698 | D:6      | Found Sifof's Food Boutique.
  4731 | D:6      | Noticed a deep elf mage
  4813 | D:6      | Reached *** piety under Okawaru
  5058 | D:6      | Reached XP level 9. HP: 68/70 MP: 8/8
  5388 | D:6      | Slain by a fire elemental

Levels and vault maps discovered:
D:1:      dpeg_arrival_rooms_c, layout_rooms
D:2:      cheibrodos_fertilizer, layout_loops_corners,
          minmay_misc_feat_diagonals, hangedman_abyss_or_decor_stabs,
          uniq_natasha, uniq_terence
D:3:      layout_basic, first_ration
D:4:      layout_basic, okawaru_gym_becter, lemuel_coloured_pillars_altar,
          uniq_duvessa
D:5:      kb_forest_paths, layout_rooms, minitemple, lemuel_temple_firewalk_b,
          grunt_qazlal_sundering
D:6:      layout_gridville, serial_shops, shop, guppyfry_early_elven_hall

Skill      XL: |  1  2  3  4  5  6  7  8 |
---------------+-------------------------+-----
Long Blades    | 3 4 5 6 7 9 11 13 | 13.9
Fighting       | |  3.6
Armour         | |  3.6
Shields        | |  3.6

Action                   |  1- 3 |  4- 6 |  7- 9 || total
-------------------------+-------+-------+-------++-------
Melee: Long sword        |    73 |   167 |   253 ||   493
       Headbutt          |     4 |    30 |    44 ||    78
Invok: Heroism           |       |       |     2 ||     2
  Use: Potion            |     6 |     6 |       ||    12
       Scroll            |     2 |     3 |     5 ||    10
  Eat: Chunk             |       |     5 |     5 ||    10
       Ration            |       |       |     1 ||     1
Armor: Scale mail        |    20 |       |       ||    20
       Skin              |     4 |     1 |       ||     5
       Chain mail        |     2 |    45 |    84 ||   131
Dodge: Dodged            |    26 |    30 |    27 ||    83
Block: Shield            |    39 |    83 |   129 ||   251
       Reflection        |       |     1 |     4 ||     5
       Rpst.: Long sword |     8 |     8 |     8 ||    24
